 Dungeon Crawl Stone Soup version 0.26-a0-1191-ge2a0e31ab3 (webtiles) character file.

Game seed: 9018824459219785054

19970 Mesmaeker13 the Reanimator (level 12, -10/91 HPs)
             Began as a Mummy Necromancer on Dec 28, 2020.
             Was a Follower of Nemelex Xobeh.
             Mangled by a bog body (14 damage)
             ... on level 2 of the Lair of Beasts.
             The game lasted 00:33:21 (19552 turns).

Mesmaeker13 the Reanimator (Mummy Necromancer)     Turns: 19552, Time: 00:33:21

Health: -10/91     AC: 12    Str: 11    XL:     12   Next: 41%
Magic:  15/27      EV: 17    Int: 19    God:    Nemelex Xobeh [*.....]
Gold:   716        SH:  0    Dex: 16    Spells: 20/33 levels left

rFire    + . .     SeeInvis .   y - +1 scimitar (freeze)
rCold    . . .     Faith    .   (no shield)
rNeg     + + +     Spirit   .   o - +3 leather armour {rF+}
rPois    ∞         Reflect  .   B - +0 helmet
rElec    .         Harm     .   v - +0 cloak
rCorr    .         Rampage  .   t - +0 pair of gloves {Dex+3}
Will     ++...                  i - +2 pair of boots
Stlth    ++........             (no amulet)
HPRegen  0.25/turn              h - ring of fire
MPRegen  0.20/turn              k - ring of willpower

@: no status effects
A: no potions, fire vulnerability, cold resistance 1, negative energy resistance
3, torment resistance, unbreathing
a: Renounce Religion, Draw Escape, Draw Destruction, Draw Summoning


You were on level 2 of the Lair of Beasts.
You worshipped Nemelex Xobeh.
Nemelex Xobeh was aware of your devotion.
You visited 3 branches of the dungeon, and saw 14 of its levels.
You also visited: Sewer.

You collected 846 gold pieces.
You spent 130 gold pieces at shops.

Inventory:

Hand Weapons
 y - a +1 scimitar of freezing (weapon)
Missiles
 j - 34 poisoned darts (quivered)
Armour
 g - a +0 kite shield
 i - a +2 pair of boots (worn)
 o - a +3 leather armour of fire resistance (worn)
 t - a +0 pair of gloves of dexterity (worn)
 v - a +0 cloak (worn)
 B - a +0 helmet (worn)
Jewellery
 f - a +6 ring of strength
 h - a ring of fire (left hand)
 k - a ring of willpower (right hand)
 n - an uncursed ring of ice
 p - an uncursed ring of resist corrosion
Scrolls
 a - 3 scrolls of magic mapping
 b - 2 scrolls of fog
 c - 2 scrolls of identify
 d - 9 scrolls of teleportation
 e - 5 scrolls of remove curse
 l - 2 scrolls of blinking
 m - a scroll of vulnerability {unknown}
 q - a scroll of amnesia
 r - a scroll of silence
 s - a scroll of enchant weapon
 w - a scroll of enchant armour
 x - 2 scrolls of noise
 A - a scroll of fear
 C - 2 scrolls of immolation


   Skills:
 + Level 7.0 Fighting
 - Level 4.3 Throwing
 - Level 8.1 Dodging
 - Level 1.5 Stealth
 + Level 5.8 Shields
 - Level 11.0 Spellcasting
 + Level 12.2 Necromancy


You had 20 spell levels left.
You knew the following spells:

 Your Spells              Type           Power        Failure   Level
a - Pain                  Necr           100%         1%          1
b - Animate Dead          Necr           27%          1%          4
c - Vampiric Draining     Necr           27%          1%          3
d - Agony                 Necr           54%          1%          5

Your spell library contained the following spells:

 Spells                   Type           Power        Failure   Level
 Animate Skeleton         Necr           100%         1%          1
 Foxfire                  Conj/Fire      60%          9%          1
 Conjure Flame            Conj/Fire      15%          26%         3
 Inner Flame              Hex/Fire       15%          26%         3
 Iskenderun's Mystic Bla  Conj/Tloc      10%          65%         4
 Petrify                  Tmut/Erth      10%          65%         4
 Sticky Flame             Conj/Fire      15%          65%         4
 Fireball                 Conj/Fire      7%           94%         5
 Yara's Violent Unravell  Hex/Tmut       5%           94%         5
 Conjure Ball Lightning   Conj/Air       5%           100%        6


Dungeon Overview and Level Annotations

Branches:
Dungeon (10/15)            Temple (1/1) D:6            Lair (3/6) D:8
  Swamp (0/4) Lair:2        Snake (0/4) Lair:3          Orc (0/2) D:9
  Sewer (visited)

Altars:
Ashenzari
Cheibriados
Dithmenos
Elyvilon
Fedhas
Gozag
Hepliaklqana
Kikubaaqudgha
Makhleb
Nemelex Xobeh
Okawaru
Qazlal
Ru
Sif Muna
Trog
Uskayaw
Vehumet
Wu Jian
Xom
Yredelemnul
Zin
The Shining One

Shops:
D:4 [   D:5 [

Annotations:
D:9 1 runed translucent door, Luthais's ghost, novice MiBe
Lair:2 2 transporters, Ysuenkit's ghost, journeyman DDFi
Lair:3 3 runed translucent doors, Tungsten's ghost, journeyman DrCj


Innate Abilities, Weirdness & Mutations

You do not drink.
Your flesh is vulnerable to fire.
You are immune to poison.
Your flesh is cold resistant. (rC+)
You are immune to negative energy. (rN+++)
You are immune to unholy pain and torment.
You can survive without breathing.


Message History

Press: ? - help, Shift-Dir - straight line, f/p - swamp worm
Aim: a swamp worm (heavily wounded)
The swamp worm is almost dead.
You feel life coursing into your body. The bog body touches you!
The bog body freezes you!!
* * * LOW HITPOINT WARNING * * *
The swamp worm bites you!
* * * LOW HITPOINT WARNING * * *
Unknown command.
Casting: Vampiric Draining (safe; 1% risk of failure)
Confirm with . or Enter, or press ? or * to list all spells.
Aiming: Vampiric Draining (safe; 1% risk of failure)
Press: ? - help, Shift-Dir - straight line, f/p - swamp worm
Aim: a swamp worm (almost dead)
You kill the swamp worm!
You feel life coursing into your body. The bog body touches you!
* * * LOW HITPOINT WARNING * * *
The bog body freezes you!
You die...
Your body disappears without a glow.

...##...♣♣≈..≈♣ ###........##.#
...##...♣♣≈♣.≈♣ #.#...P.....#..
....#...♣♣♣.w≈♣♣♣#...........#..#
...#....♣♣♣♣.≈♣♣..P........#.#...
.........♣≈..♣♣..............##..
.........♣≈..≈♣.....##.#.#....##©
...##....♣≈..≈♣......#####.#...##
.....#...♣≈.♣≈♣..##.## ###.#...
###P.....♣♣..♣♣.@...## ###... #
##...#..♣..♣..n..#.# #<<.
#......♣..♣.....### #...
#..#.#..⌠⌠....#.###########...
#)..###....#.##.#..#.##..###..
#..#####...................... #
##..##.........................
###......PP......#...............
.........#P....#..#.P....####....


You could see a bog body.

Vanquished Creatures
  9 death yaks
  A two-headed ogre (D:7)
  A bog body (Lair:2)
  2 black mambas (Lair:2)
  A torpor snail (Lair:2)
  A centaur skeleton (D:10)
  5 cane toads
  6 komodo dragons
  A polar bear (Lair:3)
  3 blink frogs (Lair:3)
  Sigmund (D:6)
  A wraith (D:9)
  17 yaks
  2 wyverns
  Menkaure (D:7)
  2 swamp worms (Lair:2)
  Edmund (D:6)
  11 water moccasins
  2 orc warriors
  3 ice beasts
  2 necrophages
  4 ogres
  A phantom (D:6)
  2 centaurs
  9 bullfrogs
  An elf zombie (D:9)
  2 scorpions
  A water moccasin skeleton (D:5)
  10 wights
  A howler monkey (D:4)
  4 human zombies (D:9)
  5 hounds
  4 jellies
  5 orc priests
  5 orc wizards
  Crazy Yiuf (D:5)
  2 bullfrog skeletons (D:6)
  An iguana (D:6)
  Jessica (D:3)
  2 human skeletons (D:9)
  Ijyb (D:5)
  Terence (D:1)
  4 worker ants
  A hound skeleton (D:6)
  2 hound zombies
  A worker ant zombie (D:5)
  6 gnolls
  18 adders
  A shadow imp (D:7)
  3 white imps
  2 ufetubi
  2 adder skeletons
  An adder zombie (D:2)
  A worm (D:2)
  2 dart slugs (D:1)
  10 leopard geckos
  20 orcs
  9 bats
  A bat skeleton (D:2)
  A bat zombie (D:2)
  11 giant cockroaches
  9 goblins
  10 hobgoblins
  10 jackals
  3 quokkas
  3 ball pythons
  4 frilled lizards
  A jackal zombie (D:2)
  8 kobolds
  2 orc zombies (D:9)
  A quokka zombie (D:2)
  7 rats
290 creatures vanquished.

Vanquished Creatures (others)
  8 fungi
  4 plants
  2 withered plants (D:2)
14 creatures vanquished.

Grand Total: 304 creatures vanquished

Notes
Turn   | Place    | Note
-------+----------+-------------------------------------------
     0 | D:1      | Mesmaeker13 the Mummy Necromancer began the quest for the
                  | Orb.
     0 | D:1      | Reached XP level 1. HP: 13/13 MP: 4/4
   629 | D:1      | Reached XP level 2. HP: 19/19 MP: 3/6
  1256 | D:1      | Reached XP level 3. HP: 24/24 MP: 4/7
  1492 | D:2      | Noticed Terence
  1568 | D:1      | Killed Terence
  1569 | D:1      | Reached XP level 4. HP: 5/30 MP: 3/9
  3032 | D:3      | Noticed Jessica
  3034 | D:3      | Killed Jessica
  3035 | D:3      | Reached XP level 5. HP: 35/35 MP: 8/11
  3248 | D:3      | Reached skill level 5 in Necromancy
  3569 | D:3      | Found a glowing silver altar of Zin.
  3994 | D:4      | Found Amotyjin's Antique Armour Boutique.
  4012 | D:4      | Bought a dyed leather armour for 130 gold pieces
  4109 | D:4      | Noticed an ogre
  4121 | D:4      | Killed an ogre
  4122 | D:4      | Reached skill level 5 in Spellcasting
  4122 | D:4      | Reached XP level 6. HP: 41/41 MP: 1/13
  4127 | D:4      | Learned a level 4 spell: Animate Dead
  4725 | D:5      | Entered Level 5 of the Dungeon
  4791 | D:5      | Reached XP level 7. HP: 46/46 MP: 3/15
  4940 | D:5      | Noticed Ijyb
  4956 | D:5      | Reached skill level 6 in Necromancy
  4961 | D:5      | Killed Ijyb
  5060 | D:5      | Found Diuporug's Antique Armour Shoppe.
  5127 | D:5      | Found a sacrificial altar of Ru.
  5259 | D:5      | Found a glowing drain.
  5263 | Sewer    | Entered a sewer
  5956 | D:5      | Reached XP level 8. HP: 46/52 MP: 18/18
  6520 | D:5      | Found a runed translucent door.
  6521 | D:5      | Noticed Crazy Yiuf
  6667 | D:5      | Killed Crazy Yiuf
  6721 | D:5      | Learned a level 3 spell: Vampiric Draining
  6728 | D:6      | Reached skill level 7 in Necromancy
  6735 | D:6      | Reached skill level 5 in Dodging
  6794 | D:6      | Found a staircase to the Ecumenical Temple.
  7423 | D:6      | HP: 1/52 [wight/cursed +0 spear (6)]
  7770 | Temple   | Entered the Ecumenical Temple
  7931 | D:7      | Noticed Menkaure
  7940 | D:7      | Killed Menkaure
  8175 | D:7      | Found a shimmering blue altar of Sif Muna.
  8175 | D:7      | Found a hide-covered altar of Uskayaw.
  8175 | D:7      | Found an opulent altar of Gozag.
  8179 | D:7      | Reached XP level 9. HP: 57/57 MP: 21/21
  8249 | D:7      | Reached skill level 8 in Necromancy
 10022 | D:6      | Noticed Sigmund
 10073 | D:6      | Killed Sigmund
 10139 | D:6      | Noticed Edmund
 10146 | D:6      | Killed Edmund
 10147 | D:6      | Reached skill level 1 in Throwing
 10147 | D:6      | Reached skill level 9 in Necromancy
 10782 | D:7      | Reached skill level 10 in Spellcasting
 11530 | D:8      | Noticed a death yak
 11530 | D:8      | Noticed a death yak
 11530 | D:8      | Noticed a death yak
 11530 | D:8      | Noticed a death yak
 11539 | D:8      | Noticed a two-headed ogre
 11575 | D:7      | Killed a two-headed ogre
 11576 | D:7      | Reached XP level 10. HP: 63/63 MP: 9/24
 11645 | D:8      | Found an opulent altar of Gozag.
 11663 | D:8      | Identified a scroll of acquirement
 11664 | D:8      | Acquired the Grimoire of Shape Shifting and Battle Magic
 11936 | D:8      | Noticed a death yak
 12053 | D:8      | Found a staircase to the Lair.
 12054 | D:8      | Noticed a death yak
 12069 | D:8      | Killed a death yak
 12113 | D:8      | Noticed a death yak
 12120 | D:8      | Killed a death yak
 12121 | D:8      | Noticed a death yak
 12125 | D:8      | Noticed a death yak
 12186 | D:7      | Killed a death yak
 12405 | D:7      | Learned a level 5 spell: Agony
 12656 | Lair:1   | Entered Level 1 of the Lair of Beasts
 12711 | Lair:1   | Noticed a cane toad
 12712 | Lair:1   | Reached skill level 10 in Necromancy
 12720 | Lair:1   | Killed a cane toad
 13257 | Lair:1   | Got a transparent brass amulet
 13260 | Lair:1   | Identified the amulet of Henk {Spirit Int+4} (You found it
                  | on level 1 of the Lair of Beasts)
 13296 | Lair:1   | Reached XP level 11. HP: 68/68 MP: 14/26
 13863 | Lair:2   | Reached skill level 1 in Fighting
 13863 | Lair:2   | Reached skill level 1 in Shields
 14478 | Lair:2   | Found a transporter.
 15035 | Lair:2   | Noticed a bog body
 15041 | Lair:2   | Killed a bog body
 15153 | Lair:2   | Reached skill level 11 in Necromancy
 15546 | Lair:2   | Noticed Ysuenkit's ghost (journeyman DDFi)
 16072 | Lair:2   | Noticed a bog body
 16072 | Lair:2   | Found a staircase to the Swamp.
 16214 | Temple   | Became a worshipper of Nemelex Xobeh the Trickster
 16383 | D:8      | Killed a death yak
 16384 | D:8      | Reached skill level 5 in Fighting
 16387 | D:8      | Killed a death yak
 16468 | D:7      | Killed a death yak
 16631 | D:6      | Killed a death yak
 16632 | D:6      | Reached XP level 12. HP: 77/87 MP: 7/27
 16745 | D:7      | Killed a death yak
 16911 | D:8      | Killed a death yak
 16912 | D:8      | Reached skill level 5 in Shields
 17234 | D:9      | Noticed Luthais's ghost (novice MiBe)
 17235 | D:9      | Found a runed translucent door.
 17424 | D:9      | Found a staircase to the Orcish Mines.
 17839 | D:9      | Found a basalt altar of Yredelemnul.
 18021 | D:9      | Found a snail-covered altar of Cheibriados.
 18279 | D:10     | Entered Level 10 of the Dungeon
 18300 | D:10     | Reached skill level 12 in Necromancy
 18420 | Lair:2   | Found a transporter.
 18735 | Lair:3   | Noticed a five-headed hydra
 18759 | Lair:3   | Reached * piety under Nemelex Xobeh
 18790 | Lair:3   | Received a gift from Nemelex Xobeh
 19021 | Lair:3   | Found a runed translucent gate.
 19021 | Lair:3   | Found a runed translucent gate.
 19021 | Lair:3   | Found a runed translucent gate.
 19050 | Lair:3   | Noticed Tungsten's ghost (journeyman DrCj)
 19420 | Lair:3   | Found a staircase to the Snake Pit.
 19552 | Lair:2   | HP: 4/91 [bog body (7)]
 19552 | Lair:2   | Mangled by a bog body

Illustrated notes

Levels and vault maps discovered:
D:1:      zaba_arrival_water, layout_basic, minmay_fountain_box
D:2:      wander_river, layout_loops_corners, serial_undead, serial_undead_c,
          serial_undead_b, serial_undead_d, serial_undead_a, serial_undead_d,
          patterned_corridor, uniq_terence
D:3:      layout_loops_ring, lemuel_coloured_pillars_altar, uniq_jessica
D:4:      layout_loops_ring, serial_shops, nicolae_shop_statue_plus
D:5:      layout_basic, gup_sewer_entry_spiral, serial_shops, shop,
          nicolae_ru_great_annihilating_truth, uniq_crazy_yiuf_cottage,
          uniq_ijyb
D:6:      layout_rooms, minmay_temple_entry_mist, hangedman_decor_opposing,
          skrybe_limestone_x, sigmund_edmund_badplayer
D:7:      layout_layer_cave, chequers_temple_overflow_statue_of_worship,
          uniq_menkaure
D:8:      layout_rooms, dpeg_lair_monsters, grunt_gozag_statues
D:9:      layout_roguey, lemuel_mausoleum_altar_yredelemnul,
          kennysheep_mini_moat, orc_0_dummy, hellmonk_ghost_happy_afterlife,
          minmay_misc_feat_encased, grunt_decor_one_mirror
D:10:     layout_rooms
Temple:   lightli_temple_of_artemis
Lair:1:   layout_loops_ring
Lair:2:   layout_gridlike, nicolae_swamp_entry_splash_gauntlet,
          gammafunk_ghost_berserking_beasts
Lair:3:   layout_big_grid, minmay_snake_entry_six_corridors,
          gammafunk_ghost_icy, gauntlet_entry_generic, serial_bayou_shore_a,
          infiniplex_staircase_pool_2

Skill      XL: |  1  2  3  4  5  6  7  8  9 10 11 12 |
---------------+-------------------------------------+-----
Spellcasting   | 3 4 5 7 8 10 11 | 11.0
Dodging        | 2 3 4 5 7 8 |  8.1
Necromancy     | 5 6 7 9 10 11 12 | 12.2
Throwing       | 2 4 |  4.3
Fighting       | 5 7 |  7.0
Shields        | 4 5 |  5.8
Stealth        | |  1.5

Action                   |  1- 3 |  4- 6 |  7- 9 | 10-12 || total
-------------------------+-------+-------+-------+-------++-------
Melee: Short sword       |    25 |    43 |       |       ||    68
       Club              |       |    44 |   228 |    52 ||   324
       Scimitar          |       |       |       |   136 ||   136
Throw: Dart              |       |       |     9 |    12 ||    21
 Cast: Pain              |    69 |   101 |   221 |    66 ||   457
       Animate Dead      |       |       |     1 |     8 ||     9
       Vampiric Draining |       |       |    31 |   150 ||   181
       Agony             |       |       |       |    49 ||    49
Evoke: Wand              |       |       |    22 |    31 ||    53
  Use: Scroll            |       |     7 |     9 |     7 ||    23
 Stab: Sleeping          |       |       |     3 |     1 ||     4
       Paralysed         |       |       |       |    11 ||    11
Armor: Robe              |    14 |    31 |       |       ||    45
       Leather armour    |       |     4 |   122 |   131 ||   257
Dodge: Dodged            |    40 |   100 |   288 |   302 ||   730
       Rpst.: Scimitar   |       |       |       |    56 ||    56

Table legend: (Time is in decaauts)
 A = Elapsed time spent in this place.
 B = Non-inter-level travel time spent in this place.
 C = Inter-level travel time spent in this place.
 D = Time resting spent in this place.
 E = Time spent auto-exploring this place.
 F = Levels seen in this place.
 G = Mean time per level.
                   A        B        C        D        E       F      G
               +--------+--------+--------+--------+--------+-----+--------+
         Total |  19843 |  18978 |    865 |   5620 |   9723 |  15 | 1322.9 |
       Dungeon |  14731 |  14095 |    636 |   4067 |   7253 |  10 | 1473.1 |
        Temple |    142 |     96 |     46 |      0 |     85 |   1 |  142.0 |
          Lair |   4706 |   4524 |    182 |   1453 |   2282 |   3 | 1568.7 |
         Sewer |    263 |    263 |      0 |    100 |    102 |   1 |  263.0 |
               +--------+--------+--------+--------+--------+-----+--------+

Top non-repeatable levels by time:
     D:7: 3175 daAuts
  Lair:2: 2631 daAuts
     D:5: 2335 daAuts
     D:6: 1992 daAuts
     D:1: 1798 daAuts
  Lair:1: 1258 daAuts
     D:8: 1211 daAuts
     D:9: 1170 daAuts
     D:2: 1166 daAuts
     D:3: 945 daAuts
     D:4: 857 daAuts
  Lair:3: 815 daAuts
   Sewer: 263 daAuts
  Temple: 142 daAuts
    D:10: 79 daAuts
